 Dungeon Crawl Stone Soup version 0.28-a0-10-g964c8b829e (webtiles) character file.

Game seed: 11865893335488996728

2293 wakim the Covert (level 9, -9/42 HPs)
             Began as a Vine Stalker Brigand on July 25, 2021.
             Killed from afar by a manticore (16 damage)
             ... with a volley of spikes
             ... on level 7 of the Dungeon.
             The game lasted 00:16:45 (6704 turns).

wakim the Covert (Vine Stalker Brigand)             Turns: 6704, Time: 00:16:46

Health: -9/42      AC:  7    Str: 14    XL:     9   Next: 40%
Magic:  0/10       EV: 15    Int: 11    God:
Gold:   257        SH:  0    Dex: 19    Spells: 8/8 levels left

rFire   . . .      SeeInvis .   b - +0 dagger (venom)
rCold   . . .      Faith    .   (no shield)
rNeg    . . .      Spirit   +   f - +0 robe
rPois   +          Reflect  .   g - +2 helmet
rElec   .          Harm     .   c - +0 cloak
rCorr   .          Rampage  .   (no gloves)
Will    +....                   m - +0 pair of boots
Stlth   ++++......              (no amulet)
HPRegen 1.14/turn               h - ring of flight
MPRegen 0.12/turn               q - ring of poison resistance

@: spiked, flying
A: fangs 3, regeneration 1, magic shield, antimagic bite, no potion heal 2
a: no special abilities


You were on level 7 of the Dungeon.
You visited 1 branch of the dungeon, and saw 7 of its levels.

You collected 401 gold pieces.
You spent 144 gold pieces at shops.

Inventory:

Hand Weapons
 a - a +3 dagger
 b - a +0 dagger of venom (weapon)
Missiles
 e - a curare-tipped dart (quivered) {=f}
 i - 3 throwing nets {=f!f}
 k - 41 sling bullets
 l - 35 poisoned darts
 u - 2 boomerangs of dispersal {=f!f}
 D - 3 boomerangs
 E - 2 atropa-tipped darts
Armour
 c - a +0 cloak (worn)
 f - a +0 robe (worn)
 g - a +2 helmet (worn)
 m - a +0 pair of boots (worn)
 o - a +0 tower shield
Jewellery
 h - a ring of flight (left hand)
 q - a ring of poison resistance (right hand)
Wands
 v - a wand of flame (16)
 x - a wand of charming (8)
Scrolls
 n - 2 scrolls of fear {unknown}
 s - a scroll of summoning {unknown}
 z - 5 scrolls of enchant armour
 A - a scroll of noise {unknown}
 B - a scroll of blinking {unknown}
 G - a scroll of torment {unknown}
 H - a scroll of fog {unknown}
 R - 3 scrolls of magic mapping {!r}
 T - a scroll of teleportation
 Z - 2 scrolls of silence {!r}
Potions
 d - a potion of haste {unknown}
 j - a potion of flight {unknown}
 t - a potion of ambrosia {unknown}
 y - a potion of attraction {unknown}
 C - 2 potions of berserk rage {!q}
 F - a potion of curing
 I - a potion of mutation {unknown}
 N - 2 potions of might


   Skills:
 - Level 1.7 Fighting
 * Level 8.2 Short Blades
 - Level 1.7 Throwing
 + Level 5.1 Dodging
 + Level 9.3 Stealth


You had 8 spell levels left.
You didn't know any spells.
Your spell library contained the following spells:

 Spells                   Type           Power      Damage    Failure   Level
 Animate Skeleton         Necr           0%         N/A       34%         1
 Apportation              Tloc           0%         N/A       34%         1
 Corona                   Hex            0%         N/A       34%         1
 Foxfire                  Conj/Fire      0%         2x1d4     34%         1
 Sting                    Tmut/Pois      0%         1d3       34%         1
 Summon Small Mammal      Summ           0%         N/A       34%         1
 Poisonous Vapours        Pois/Air       0%         N/A       47%         2
 Conjure Flame            Conj/Fire      0%         6-21      71%         3
 Inner Flame              Hex/Fire       0%         N/A       71%         3
 Olgreb's Toxic Radiance  Pois           0%         N/A       98%         4


Dungeon Overview and Level Annotations

Branches:
Dungeon (7/15)
 Temple: D:4-7

Altars:
Elyvilon
Kikubaaqudgha
Makhleb
Qazlal
Wu Jian
Xom
Zin
The Shining One

Shops:
D:3 (?=[


Innate Abilities, Weirdness & Mutations

You have razor-sharp teeth.
Your natural rate of healing is unusually fast.
When hurt, damage is shared between your health and your magic reserves.
Your bite disrupts and absorbs the magic of your enemies.
Potions cannot restore your health.


Message History

Drop what? 38/52 slots (_ for help) (? for menu, Esc to quit)
You drop an inky potion.
Unknown command.
d - an inky potion
As you read the scroll of identify, it crumbles to dust.
z - 5 scrolls of enchant armour Drop what? 38/52 slots (_ for help) (? for menu, Esc to quit)
You drop 3 potions of heal wounds.
As you read the scroll of identify, it crumbles to dust.
p - 2 scrolls of silence;
Z - 2 scrolls of silence
There is a stone staircase leading up here.
Okay, then.
g - a +2 helmet
Found a scroll of identify and 12 gold pieces.
You start removing your armour.
You continue taking off your +0 helmet. x4
You finish taking off your +0 helmet.
You start putting on your armour.
You continue putting on your +2 helmet. x5
You finish putting on your +2 helmet.
Drop what? 37/52 slots (_ for help) (? for menu, Esc to quit)
You drop a +0 helmet.
A manticore comes into view.
The manticore bites you. The manticore claws you! The manticore claws you.
You barely miss the manticore. The manticore misses you.
The manticore claws you but does no damage.
The manticore claws you!
* * * LOW HITPOINT WARNING * * *
Throw: 2 darts (curare) {=f}
Press: ? - help, Q - select action, (/) - cycle Shift-Dir - straight line, f - manticore
Aim: a manticore (71% to hit)
You throw a curare-tipped dart {=f}.
The curare-tipped dart {=f} barely misses the manticore.
The manticore bites you!
* * * LOW HITPOINT WARNING * * *
The manticore claws you!
* * * LOW HITPOINT WARNING * * *
The manticore completely misses you.
The manticore flicks its tail.
The volley of spikes hits you!
The barbed spikes become lodged in your body.
You die...

.... ..... #.. ...
#######.. ... #........
##... #.####... ..#.#
#.# #... #.#.# # # #.#
#...
#.#.###.####.####...
#.#@##..............
#$.#.........####...
#H#.##.#####.####...
#?..##.# #.....<..
######..###.# #........
........# #.# #.####.#.
###.###.# #.# #.# #.#.
#>###.###.#####.####.#.
#.....[..........<...#.


You could see a manticore.

Vanquished Creatures
  Pikel (D:6)
  A black bear (D:4)
  2 orc warriors
  A sky beast (D:5)
  3 ice beasts
  An ogre (D:6)
  2 phantoms
  A bullfrog (D:5)
  2 scorpions
  A gnoll sergeant (D:6)
  A crimson imp (D:4)
  A jelly (D:5)
  2 hounds
  An orc priest (D:3)
  8 iguanas
  Ijyb (D:5)
  Natasha (thrice) (D:3)
  2 orc wizards (D:4)
  A howler monkey zombie (D:5)
  5 adders
  3 gnolls (D:6)
  A shadow imp (D:5)
  2 ufetubi
  A worm (D:2)
  6 dart slugs
  11 orcs
  8 endoplasms
  6 goblins
  8 hobgoblins
  9 jackals
  8 kobolds
  3 quokkas (D:1)
  6 ball pythons
  3 bats (D:3)
  2 frilled lizards (D:1)
  A goblin zombie (D:5)
  2 hobgoblin zombies (D:5)
  2 kobold skeletons (D:5)
  7 rats
129 creatures vanquished.

Vanquished Creatures (others)
  5 fungi
5 creatures vanquished.

Grand Total: 134 creatures vanquished

Notes
Turn   | Place    | Note
-------+----------+-------------------------------------------
     0 | D:1      | wakim the Vine Stalker Brigand began the quest for the Orb.
     0 | D:1      | Reached XP level 1. HP: 11/11 MP: 2/2
   118 | D:1      | Reached skill level 1 in Dodging
   153 | D:1      | Reached skill level 5 in Stealth
   153 | D:1      | Reached XP level 2. HP: 15/15 MP: 3/3
  1305 | D:2      | Reached XP level 3. HP: 12/18 MP: 1/4
  1859 | D:2      | Found a faded altar of an unknown god.
  2261 | D:2      | Gained mutation: Your natural rate of healing is unusually
                  | fast. [Vine Stalker growth]
  2261 | D:2      | Reached XP level 4. HP: 10/23 MP: 2/5
  2702 | D:3      | Noticed Natasha
  2755 | D:3      | Reached XP level 5. HP: 26/26 MP: 6/6
  2776 | D:3      | Found a stormy altar of Qazlal.
  2886 | D:3      | Found Foenlo's Magic Scroll Shop.
  2909 | D:3      | Found Zad Xaar's Antique Weapon Emporium.
  2915 | D:3      | Found an ancient bone altar of Kikubaaqudgha.
  2917 | D:3      | Bought a runed dagger for 90 gold pieces
  2962 | D:3      | Noticed an orc warrior
  3027 | D:2      | Killed an orc warrior
  3028 | D:2      | Reached skill level 6 in Stealth
  3028 | D:2      | Reached XP level 6. HP: 15/30 MP: 1/7
  3365 | D:3      | Found Neck's Jewellery Shoppe.
  3369 | D:3      | Found Wif Ivuc's Armour Emporium.
  3382 | D:3      | Bought a +0 pair of boots for 54 gold pieces
  3557 | D:3      | Killed Natasha
  3564 | D:3      | Noticed Natasha
  3571 | D:3      | Killed Natasha
  3571 | D:3      | Noticed Natasha
  3584 | D:3      | Killed Natasha
  3730 | D:4      | Noticed a black bear
  3894 | D:4      | Killed a black bear
  3895 | D:4      | Reached skill level 5 in Short Blades
  3895 | D:4      | Reached XP level 7. HP: 29/34 MP: 8/8
  3979 | D:4      | Reached skill level 7 in Stealth
  4480 | D:4      | Found a burning altar of Makhleb.
  4480 | D:4      | Found a shimmering altar of Xom.
  4484 | D:4      | Gained mutation: You have razor-sharp teeth. [Vine Stalker
                  | growth]
  4484 | D:4      | Reached XP level 8. HP: 38/38 MP: 9/9
  4490 | D:5      | Entered Level 5 of the Dungeon
  4490 | D:5      | Found a glowing silver altar of Zin.
  4686 | D:5      | Reached skill level 8 in Stealth
  4922 | D:5      | Found a glowing golden altar of the Shining One.
  5092 | D:5      | Noticed Ijyb
  5099 | D:5      | Killed Ijyb
  5256 | D:5      | Found an ornate altar of the Wu Jian Council.
  5885 | D:6      | Found a white marble altar of Elyvilon.
  5894 | D:6      | Reached XP level 9. HP: 42/42 MP: 10/10
  6473 | D:7      | Noticed Pikel
  6517 | D:6      | Killed Pikel
  6518 | D:6      | Reached skill level 5 in Dodging
  6518 | D:6      | Reached skill level 9 in Stealth
  6694 | D:7      | Noticed a manticore
  6704 | D:7      | Killed from afar by a manticore

Illustrated notes

Levels and vault maps discovered:
D:1:      giann_forest_graveyard, layout_basic, amcnicky_mini_corridor_feature,
          patterned_corridor
D:2:      layout_loops_corners, dreamdust_ecumenical_altar_hidden_monk_grotto,
          minmay_tetromino_t4
D:3:      layout_basic, nicolae_qazlal_general_emergency,
          mainiacjoe_overflow_paths, serial_shops, shop_fountains, shop, shop,
          shop, uniq_natasha
D:4:      layout_rooms, grunt_temple_overflow_champion_of_chaos,
          kennysheep_cross_room, chequers_serial_rivers_micro_b
D:5:      layout_loops_ring, amcnicky_altar_gilded,
          nicolae_wu_jian_immortal_techniques, nicolae_tso_besieged_by_evil,
          uniq_ijyb
D:6:      layout_basic, mainiacjoe_overflow_chevrons, minmay_tree_intersection
D:7:      layout_loops_ring, kennysheep_mini, minmay_temple_entry_metal_lava,
          water_boxes_lemuel, uniq_pikel, uniq_menkaure

Skill      XL: |  1  2  3  4  5  6  7  8  9 |
---------------+----------------------------+-----
Short Blades   | 2 3 4 5 7 8 |  8.2
Dodging        | 1 2 3 4 5 |  5.1
Stealth        | 5 6 7 8 9 |  9.3
Fighting       | |  1.7
Throwing       | |  1.7

Action                   |  1- 3 |  4- 6 |  7- 9 || total
-------------------------+-------+-------+-------++-------
Melee: Dagger            |   102 |   157 |   235 ||   494
       Bite              |    24 |    38 |    90 ||   152
Throw: Dart              |       |     5 |     1 ||     6
  Use: Scroll            |     7 |       |     4 ||    11
 Stab: Sleeping          |     9 |     8 |    13 ||    30
       Distracted        |       |       |     4 ||     4
Armor: Robe              |    16 |    17 |    27 ||    60
Dodge: Dodged            |    46 |    91 |   102 ||   239

Table legend: (Time is in decaauts)
 A = Elapsed time spent in this place.
 B = Non-inter-level travel time spent in this place.
 C = Inter-level travel time spent in this place.
 D = Time resting spent in this place.
 E = Time spent auto-exploring this place.
 F = Levels seen in this place.
 G = Mean time per level.
                   A        B        C        D        E       F      G
               +--------+--------+--------+--------+--------+-----+--------+
         Total |   6572 |   6311 |    261 |     57 |   4775 |   7 |  938.9 |
       Dungeon |   6572 |   6311 |    261 |     57 |   4775 |   7 |  938.9 |
               +--------+--------+--------+--------+--------+-----+--------+

Top non-repeatable levels by time:
     D:2: 1495 daAuts
     D:6: 1222 daAuts
     D:1: 1189 daAuts
     D:3: 1011 daAuts
     D:5: 833 daAuts
     D:4: 719 daAuts
     D:7: 100 daAuts
